TOP OF THE 1ST |
Irving Blue Sox batting - Pitching for San Bernardino Grasshoppers : LHP Homer Shafer
|
Pitching: LHP Homer Shafer
|
|
Batting: RHB Alfredo Chávez
|
0-0: Ball 1-0: Ball 2-0: Foul Ball, location: 2F 2-1: SINGLE (Groundball, 56D)
|
Batting: LHB Kenji Takahashi
|
0-0: Ball 1-0: Ball 2-0: Called Strike 2-1: SINGLE (Line Drive, 89S) Alfredo Chávez to second
|
Batting: RHB Stewart Ralston
|
0-0: Foul Ball, location: 2F 0-1: Fly out, F7 (Flyball, 7S)
|
Batting: RHB Jorge López
|
0-0: Foul Ball, location: 2F 0-1: Fielders Choice at 2nd, 4-6 (Groundball, 4) Alfredo Chávez to third
|
Batting: RHB Júlio López
|
0-0: Swinging Strike 0-1: Fly out, F3 (Line Drive, 34)
|
Top of the 1st over - 0 run(s), 2 hit(s), 0 error(s), 2 left on base; Irving 0 - San Bernardino 0 |
BOTTOM OF THE 1ST |
San Bernardino Grasshoppers batting - Pitching for Irving Blue Sox : LHP Carlos Hernández
|
Pitching: LHP Carlos Hernández
|
|
Batting: RHB Randy Tucker
|
0-0: Called Strike 0-1: Ball 1-1: Fly out, F9 (Flyball, 89M)
|
Batting: LHB Mike Cook
|
0-0: Called Strike 0-1: Called Strike 0-2: Ball 1-2: Ball 2-2: Ball 3-2: Base on Balls
|
Batting: RHB Dale O'Sullivan
|
0-0: Ball 1-0: Foul Ball, location: 2F 1-1: Fly out, F5 (Line Drive, 56)
|
Batting: SHB Troy Grant
|
0-0: Foul Ball, location: 2F 0-1: Called Strike 0-2: Ball 1-2: Ground out 4-3 (Groundball, 4)
|
Bottom of the 1st over - 0 run(s), 0 hit(s), 0 error(s), 1 left on base; Irving 0 - San Bernardino 0 |
TOP OF THE 2ND |
Irving Blue Sox batting - Pitching for San Bernardino Grasshoppers : LHP Homer Shafer
|
Batting: LHB Ramón Rivera
|
0-0: Ball 1-0: Swinging Strike 1-1: Swinging Strike 1-2: Strikes out swinging
|
Batting: RHB Stan Barnes
|
0-0: Ball 1-0: Ball 2-0: Called Strike 2-1: Ball 3-1: Base on Balls
|
Batting: SHB Jack MacAsgill
|
0-0: Called Strike 0-1: SINGLE (Groundball, 4MD) Stan Barnes to second
|
Batting: LHB Kyle James
|
0-0: Foul Ball, location: 2F 0-1: Called Strike 0-2: Ball 1-2: Ball 2-2: Foul Ball, location: 2F 2-2: Fly out, F7 (Flyball, 7S)
|
Batting: RHB Alfredo Chávez
|
0-0: Ball 1-0: Ball Wild Pitch! Stan Barnes to third Jack MacAsgill to second 2-0: Ball 3-0: Base on Balls
|
Batting: LHB Kenji Takahashi
|
0-0: Called Strike 0-1: Fly out, F8 (Flyball, 8RS)
|
Top of the 2nd over - 0 run(s), 1 hit(s), 0 error(s), 3 left on base; Irving 0 - San Bernardino 0 |
BOTTOM OF THE 2ND |
San Bernardino Grasshoppers batting - Pitching for Irving Blue Sox : LHP Carlos Hernández
|
Batting: LHB Eric Porter
|
0-0: Ball 1-0: Ball 2-0: Called Strike 2-1: Foul Ball, location: 2F 2-2: Ball 3-2: Strikes out looking
|
Batting: RHB José Paz
|
0-0: Ball 1-0: Ball 2-0: Swinging Strike 2-1: Swinging Strike 2-2: Foul Ball, location: 2F 2-2: Ball 3-2: Strikes out swinging
|
Batting: LHB Roberto Marino
|
0-0: Fly out, F5 (Popup, 5F)
|
Bottom of the 2nd over - 0 run(s), 0 hit(s), 0 error(s), 0 left on base; Irving 0 - San Bernardino 0 |
TOP OF THE 3RD |
Irving Blue Sox batting - Pitching for San Bernardino Grasshoppers : LHP Homer Shafer
|
Batting: RHB Stewart Ralston
|
0-0: Ball 1-0: Called Strike 1-1: Foul Ball, location: 2F 1-2: Fly out, F9 (Flyball, 9S)
|
Batting: RHB Jorge López
|
0-0: Foul Ball, location: 2F 0-1: SINGLE (Groundball, 5L)
|
Batting: RHB Júlio López
|
0-0: SINGLE (Groundball, 6D) Jorge López to second
|
Batting: LHB Ramón Rivera
|
0-0: Ball 1-0: Ball 2-0: Called Strike 2-1: Ball 3-1: Base on Balls Jorge López to third Júlio López to second
|
Batting: RHB Stan Barnes
|
0-0: Swinging Strike 0-1: Foul Ball, location: 2F 0-2: Ball 1-2: Ball 2-2: Fly out, F8 (Flyball, 8LM) Runner from 3rd tags up, SCORES, throw made
|
Batting: SHB Jack MacAsgill
|
0-0: Ball 1-0: Called Strike 1-1: Called Strike 1-2: SINGLE (Line Drive, 4M) Júlio López to third Ramón Rivera to second Runner from 3rd tries for Home, SAFE, throw made at trailing runner, SAFE at third!
|
Batting: LHB Kyle James
|
0-0: Ball 1-0: Called Strike 1-1: Ball 2-1: Foul Ball, location: 2F 2-2: Ball 3-2: Reached on error, E1 (Groundball, 15) Ramón Rivera scores Jack MacAsgill to second
|
Batting: RHB Alfredo Chávez
|
0-0: Ball 1-0: Ball 2-0: Called Strike 2-1: Ball 3-1: Foul Ball, location: 2F 3-2: Foul Ball, location: 2F 3-2: SINGLE (Groundball, 56D) Jack MacAsgill to third Kyle James to second Jack MacAsgill scores Kyle James to third
|
Batting: LHB Kenji Takahashi
|
0-0: Called Strike 0-1: Foul Ball, location: 2F 0-2: Ball 1-2: Strikes out swinging
|
Top of the 3rd over - 4 run(s), 4 hit(s), 1 error(s), 2 left on base; Irving 4 - San Bernardino 0 |
BOTTOM OF THE 3RD |
San Bernardino Grasshoppers batting - Pitching for Irving Blue Sox : LHP Carlos Hernández
|
Batting: RHB Pepe Méndez
|
0-0: Ball 1-0: Ball 2-0: Ball 3-0: Called Strike 3-1: Called Strike 3-2: Fly out, F8 (Flyball, 8LS)
|
Batting: RHB Jaime López
|
0-0: TRIPLE (Flyball, 89M)
|
Batting: RHB Randy Tucker
|
0-0: Ball 1-0: SINGLE (Groundball, 6MD) Jaime López scores
|
Batting: LHB Mike Cook
|
0-0: Ball 1-0: Ball 2-0: Fly out, F7 (Flyball, 7S)
|
Batting: RHB Dale O'Sullivan
|
0-0: Ball 1-0: Ground out U3 (Groundball, 3)
|
Bottom of the 3rd over - 1 run(s), 2 hit(s), 0 error(s), 1 left on base; Irving 4 - San Bernardino 1 |
TOP OF THE 4TH |
Irving Blue Sox batting - Pitching for San Bernardino Grasshoppers : LHP Homer Shafer
|
Batting: RHB Stewart Ralston
|
0-0: Ball 1-0: Ball 2-0: Foul Ball, location: 2F 2-1: Foul Ball, location: 2F 2-2: Ground out 6-3 (Groundball, 6)
|
Batting: RHB Jorge López
|
0-0: Swinging Strike 0-1: Ball 1-1: Ball 2-1: Foul Ball, location: 2F 2-2: Ball 3-2: Base on Balls
|
Batting: RHB Júlio López
|
0-0: Called Strike 0-1: Ball 1-1: Called Strike 1-2: Ball 2-2: Foul Ball, location: 2F 2-2: Ball 3-2: SINGLE (Groundball, 4MD) (infield hit) Jorge López to second
|
Batting: LHB Ramón Rivera
|
0-0: Ball 1-0: SINGLE (Groundball, 4MD) (infield hit) Jorge López to third Júlio López to second
|
Batting: RHB Stan Barnes
|
0-0: Ball 1-0: Called Strike 1-1: Ball 2-1: GRAND SLAM HOME RUN (Flyball, 7LD), Distance : 364 ft
|
Pitching: LHP José Tapia
|
|
Batting: SHB Jack MacAsgill
|
0-0: Called Strike 0-1: Fly out, F9 (Line Drive, 9M)
|
Batting: LHB Kyle James
|
0-0: Foul Ball, location: 2F 0-1: Ball 1-1: Ball 2-1: Ball 3-1: Called Strike 3-2: Foul Ball, location: 2F 3-2: Strikes out swinging
|
Top of the 4th over - 4 run(s), 3 hit(s), 0 error(s), 0 left on base; Irving 8 - San Bernardino 1 |
BOTTOM OF THE 4TH |
San Bernardino Grasshoppers batting - Pitching for Irving Blue Sox : LHP Carlos Hernández
|
Batting: SHB Troy Grant
|
0-0: Ball 1-0: Ball 2-0: Called Strike 2-1: Ground out 6-3 (Groundball, 6M)
|
Batting: LHB Eric Porter
|
0-0: Ball 1-0: Ball 2-0: Ball 3-0: Called Strike 3-1: Fly out, F8 (Flyball, 8RM)
|
Batting: RHB José Paz
|
0-0: Ball 1-0: Called Strike 1-1: Ball 2-1: Ball 3-1: Base on Balls
|
Batting: LHB Roberto Marino
|
0-0: Fly out, F7 (Popup, 56D)
|
Bottom of the 4th over - 0 run(s), 0 hit(s), 0 error(s), 1 left on base; Irving 8 - San Bernardino 1 |
TOP OF THE 5TH |
Irving Blue Sox batting - Pitching for San Bernardino Grasshoppers : LHP José Tapia
|
Batting: RHB Alfredo Chávez
|
0-0: Fly out, F4 (Popup, 4MD)
|
Batting: LHB Kenji Takahashi
|
0-0: Ball 1-0: Called Strike 1-1: Ball 2-1: Called Strike 2-2: Fly out, F6 (Popup, 6D)
|
Batting: RHB Stewart Ralston
|
0-0: Called Strike 0-1: Ball 1-1: Ball 2-1: Ball 3-1: Base on Balls
|
Batting: RHB Jorge López
|
0-0: Ball Stewart Ralston steals 2nd base 1-0: DOUBLE (Groundball, 5L) Stewart Ralston scores
|
Batting: RHB Júlio López
|
0-0: Ball 1-0: Ball 2-0: Foul Ball, location: 2F 2-1: Foul Ball, location: 2F 2-2: Foul Ball, location: 2F 2-2: Ball 3-2: Strikes out looking
|
Top of the 5th over - 1 run(s), 1 hit(s), 0 error(s), 1 left on base; Irving 9 - San Bernardino 1 |
BOTTOM OF THE 5TH |
San Bernardino Grasshoppers batting - Pitching for Irving Blue Sox : LHP Carlos Hernández
|
Batting: RHB Pepe Méndez
|
0-0: Ground out 6-3 (Groundball, 6)
|
Batting: RHB Jaime López
|
0-0: Ball 1-0: Ball 2-0: Foul Ball, location: 2F 2-1: SINGLE (Line Drive, 7LM)
|
Batting: RHB Randy Tucker
|
0-0: Called Strike 0-1: Ball 1-1: Foul Ball, location: 2F 1-2: Ball 2-2: Fly out, F7 (Flyball, 7LDF)
|
Batting: LHB Mike Cook
|
0-0: Ball Passed Ball! Jaime López to second 1-0: Fly out, F9 (Flyball, 89M)
|
Bottom of the 5th over - 0 run(s), 1 hit(s), 0 error(s), 1 left on base; Irving 9 - San Bernardino 1 |
TOP OF THE 6TH |
Irving Blue Sox batting - Pitching for San Bernardino Grasshoppers : LHP José Tapia
|
Batting: LHB Ramón Rivera
|
0-0: Ball 1-0: Ball 2-0: Ball 3-0: Called Strike 3-1: Swinging Strike 3-2: Fly out, F3 (Line Drive, 3)
|
Batting: RHB Stan Barnes
|
0-0: Ball 1-0: Called Strike 1-1: Foul Ball, location: 2F 1-2: Ball 2-2: Foul Ball, location: 2F 2-2: SINGLE (Line Drive, 8LS)
|
Batting: SHB Jack MacAsgill
|
0-0: Ball 1-0: Ball 2-0: Ball 3-0: Called Strike 3-1: Foul Ball, location: 2F 3-2: Fielders Choice at 2nd, 6-4 (Groundball, 6)
|
Batting: LHB Kyle James
|
0-0: Ball 1-0: Ball 2-0: Ball 3-0: Base on Balls Jack MacAsgill to second
|
Batting: RHB Alfredo Chávez
|
0-0: Ball 1-0: Swinging Strike 1-1: Ball 2-1: SINGLE (Line Drive, 6MD) Jack MacAsgill to third Kyle James to second
|
Batting: LHB Kenji Takahashi
|
0-0: Swinging Strike 0-1: Ball 1-1: Ball 2-1: Ball 3-1: Base on Balls Jack MacAsgill scores Kyle James to third Alfredo Chávez to second
|
Batting: RHB Stewart Ralston
|
0-0: Ball 1-0: Ball 2-0: Ball 3-0: Called Strike 3-1: Foul Ball, location: 2F 3-2: Reached on error, E5 (Groundball, 5) Kyle James scores Alfredo Chávez to third Kenji Takahashi to second
|
Pitching: RHP José Zamora
|
|
Batting: RHB Jorge López
|
0-0: Ball Passed Ball! Alfredo Chávez scores Kenji Takahashi to third Stewart Ralston to second 1-0: Ball 2-0: Called Strike 2-1: Swinging Strike 2-2: Strikes out swinging
|
Top of the 6th over - 3 run(s), 2 hit(s), 1 error(s), 2 left on base; Irving 12 - San Bernardino 1 |
BOTTOM OF THE 6TH |
San Bernardino Grasshoppers batting - Pitching for Irving Blue Sox : LHP Carlos Hernández
|
Batting: RHB Dale O'Sullivan
|
0-0: Ball 1-0: Foul Ball, location: 2F 1-1: Swinging Strike 1-2: SINGLE (Groundball, 56D)
|
Batting: SHB Troy Grant
|
0-0: Ball 1-0: Foul Ball, location: 2F 1-1: Ball 2-1: Swinging Strike 2-2: Foul Ball, location: 2F 2-2: Ground out 4-3 (Groundball, 34S) Dale O'Sullivan to second
|
Batting: LHB Eric Porter
|
0-0: Ball 1-0: Called Strike 1-1: Swinging Strike 1-2: Ball 2-2: SINGLE (Groundball, 56D) Dale O'Sullivan to third Runner from 3rd tries for Home, SAFE, no throw or cutoff
|
Batting: RHB José Paz
|
0-0: Ball 1-0: Called Strike 1-1: Swinging Strike 1-2: Ball 2-2: Ball 3-2: Base on Balls Eric Porter to second
|
Batting: LHB Roberto Marino
|
0-0: Ball Passed Ball! Eric Porter to third José Paz to second 1-0: DOUBLE (Line Drive, 9LS) Eric Porter scores José Paz scores
|
Batting: RHB Pepe Méndez
|
0-0: Foul Ball, location: 2F 0-1: Called Strike 0-2: Ball 1-2: Ball 2-2: Fly out, F7 (Flyball, 78M)
|
Pitching: RHP Dave Padgett
|
|
Batting: RHB Jaime López
|
0-0: Ball 1-0: Ball 2-0: TRIPLE (Flyball, 89M) Roberto Marino scores
|
Batting: RHB Randy Tucker
|
0-0: Called Strike 0-1: Ball 1-1: Ball 2-1: Ball 3-1: DOUBLE (Line Drive, 9LM) Jaime López scores
|
Batting: LHB Mike Cook
|
0-0: Ball 1-0: Fly out, F4 (Popup, 4D)
|
Bottom of the 6th over - 5 run(s), 5 hit(s), 0 error(s), 1 left on base; Irving 12 - San Bernardino 6 |
TOP OF THE 7TH |
Irving Blue Sox batting - Pitching for San Bernardino Grasshoppers : RHP José Zamora
|
Batting: RHB Júlio López
|
0-0: Ball 1-0: Ball 2-0: Ground out 5-3 (Groundball, 56)
|
Batting: LHB Ramón Rivera
|
0-0: Foul Ball, location: 2F 0-1: Ball 1-1: Foul Ball, location: 2F 1-2: Ball 2-2: Foul Ball, location: 2F 2-2: Ball 3-2: Base on Balls
|
Batting: RHB Stan Barnes
|
0-0: Called Strike Ramón Rivera is caught stealing 2nd base 0-1: Ball 1-1: Foul Ball, location: 2F 1-2: Fly out, F3 (Popup, 9LSF)
|
Top of the 7th over - 0 run(s), 0 hit(s), 0 error(s), 0 left on base; Irving 12 - San Bernardino 6 |
BOTTOM OF THE 7TH |
San Bernardino Grasshoppers batting - Pitching for Irving Blue Sox : RHP Dave Padgett
|
Batting: RHB Dale O'Sullivan
|
0-0: Ball 1-0: Ball 2-0: Foul Ball, location: 2F 2-1: Foul Ball, location: 2F 2-2: Ball 3-2: Foul Ball, location: 2F 3-2: Foul Ball, location: 2F 3-2: SINGLE (Groundball, 15S) (infield hit)
|
Batting: SHB Troy Grant
|
0-0: Called Strike Dale O'Sullivan steals 2nd base 0-1: Swinging Strike 0-2: Fly out, F7 (Flyball, 7M)
|
Batting: LHB Eric Porter
|
0-0: Ground out U3 (Groundball, 3L) Dale O'Sullivan to third
|
Batting: RHB José Paz
|
0-0: Swinging Strike 0-1: Ball 1-1: Ball 2-1: Foul Ball, location: 2F 2-2: Foul Ball, location: 2F 2-2: Fly out, F3 (Popup, 3F)
|
Bottom of the 7th over - 0 run(s), 1 hit(s), 0 error(s), 1 left on base; Irving 12 - San Bernardino 6 |
TOP OF THE 8TH |
Irving Blue Sox batting - Pitching for San Bernardino Grasshoppers : RHP José Zamora
|
Batting: SHB Jack MacAsgill
|
0-0: Foul Ball, location: 2F 0-1: Ball 1-1: Ball 2-1: SINGLE (Groundball, 4M)
|
Batting: LHB Kyle James
|
0-0: Sac Bunt - play at first, batter OUT! 1-3 Jack MacAsgill to second
|
Batting: RHB Alfredo Chávez
|
0-0: Called Strike 0-1: Ball 1-1: Fly out, F8 (Flyball, 8RM)
|
Batting: LHB Kenji Takahashi
|
0-0: Ball Wild Pitch! Jack MacAsgill to third 1-0: Ball 2-0: Swinging Strike 2-1: Ball 3-1: Swinging Strike 3-2: Foul Ball, location: 2F 3-2: Foul Ball, location: 2F 3-2: Strikes out looking
|
Top of the 8th over - 0 run(s), 1 hit(s), 0 error(s), 1 left on base; Irving 12 - San Bernardino 6 |
BOTTOM OF THE 8TH |
San Bernardino Grasshoppers batting - Pitching for Irving Blue Sox : RHP Dave Padgett
|
Batting: LHB Roberto Marino
|
0-0: Ball 1-0: Fly out, F7 (Flyball, 78XD)
|
Batting: RHB Pepe Méndez
|
0-0: Swinging Strike 0-1: Swinging Strike 0-2: Strikes out swinging
|
Batting: RHB Jaime López
|
0-0: Ball 1-0: Ball 2-0: Foul Ball, location: 2F 2-1: Foul Ball, location: 2F 2-2: Ball 3-2: Base on Balls
|
Batting: RHB Randy Tucker
|
0-0: Ground out 5-3 (Groundball, 5S)
|
Bottom of the 8th over - 0 run(s), 0 hit(s), 0 error(s), 1 left on base; Irving 12 - San Bernardino 6 |
TOP OF THE 9TH |
Irving Blue Sox batting - Pitching for San Bernardino Grasshoppers : RHP José Zamora
|
Batting: RHB Stewart Ralston
|
0-0: Ball 1-0: Ball 2-0: Foul Ball, location: 2F 2-1: Ball 3-1: Base on Balls
|
Batting: RHB Jorge López
|
0-0: Called Strike 0-1: Ball 1-1: Ball 2-1: SINGLE (Line Drive, 89S) Stewart Ralston to second
|
Batting: RHB Júlio López
|
0-0: Ball 1-0: Ball 2-0: Swinging Strike 2-1: SINGLE (Groundball, 4MD) Stewart Ralston to third Jorge López to second Runner from 3rd tries for Home, SAFE, no throw or cutoff
|
Pinch Hitting: RHB Will Hunter
|
0-0: Ball 1-0: Ball 2-0: Fly out, F2 (Popup, 23F)
|
Pitching: RHP Ken Snyder
|
|
Pinch Hitting: SHB Pancho De La Rosa
|
0-0: Foul Ball, location: 2F 0-1: Ball 1-1: Ball 2-1: SINGLE (Line Drive, 6) Jorge López to third Júlio López to second
|
Pinch Hitting: SHB Curt Finley
|
0-0: Called Strike 0-1: Swinging Strike 0-2: Ball 1-2: Ball 2-2: Foul Ball, location: 2F 2-2: TRIPLE (Line Drive, 3D) Jorge López scores Júlio López scores Pancho De La Rosa scores
|
Batting: LHB Kyle James
|
0-0: Called Strike 0-1: Ball 1-1: Ball 2-1: SINGLE (Line Drive, 56) Curt Finley scores
|
Pinch Hitting: RHB Gilberto Díaz
|
0-0: SINGLE (Line Drive, 34D) Kyle James to second
|
Batting: LHB Kenji Takahashi
|
0-0: Ball 1-0: Ball 2-0: Called Strike 2-1: Foul Ball, location: 2F 2-2: Foul Ball, location: 2F 2-2: Foul Ball, location: 2F 2-2: Ball 3-2: Base on Balls Kyle James to third Gilberto Díaz to second
|
Batting: RHB Stewart Ralston
|
0-0: Ground out 5-3 (Groundball, 5S) Kyle James scores Gilberto Díaz to third Kenji Takahashi to second
|
Batting: RHB Jorge López
|
0-0: Called Strike 0-1: Ground out 6-3 (Groundball, 6)
|
Top of the 9th over - 6 run(s), 6 hit(s), 0 error(s), 2 left on base; Irving 18 - San Bernardino 6 |
|